 Dungeon Crawl Stone Soup version 0.32-a0-132-g2d33c3cfaf (webtiles) character file.

Game seed: 13924201716861718835

185 Ceno the Changeling (level 5, 0/35 HPs)
             Began as an Octopode Shapeshifter on Feb 10, 2024.
             Slain by a hobgoblin
             ... wielding the +10 flail "Lawuenn" {flame, ^Fragile rElec rPois}
              (17 damage)
             ... on level 3 of the Dungeon.
             The game lasted 00:04:04 (2285 turns).

Ceno the Changeling (Octopode Shapeshifter)         Turns: 2285, Time: 00:04:05

Health: 0/35       AC:  1    Str: 13    XL:     5   Next: 64%
Magic:  14/14      EV: 13    Int: 12    God:
Gold:   238        SH:  0    Dex: 14    Spells: 4/4 levels left

rFire   + . .        o - +5 dagger "Duwaal" {elec, rF+ MP+9}
rCold   . . .        (no shield)
rNeg    . . .        (helmet currently unavailable)
rPois   .            (no amulet)
rElec   .            (no ring)
rCorr   .            (no ring)
SInv    .            (no ring)
Will    .....        (no ring)
Stlth   ++           (no ring)
HPRegen 0.25/turn    (no ring)
MPRegen 0.14/turn    (no ring)
                     (no ring)

%: no passive effects
@: beast-form
A: beast (slay +2), almost no armour, amphibious, 8 rings, camouflage 1,
gelatinous body 1, (nimble swimmer 1), tentacles
a: Begin Untransformation


You were on level 3 of the Dungeon.
You were a hulking beast.
You visited 1 branch of the dungeon, and saw 3 of its levels.

You collected 238 gold pieces.

Inventory:

Hand Weapons
 o - the +5 dagger "Duwaal" (weapon) {elec, rF+ MP+9}
   (You found it on level 2 of the Dungeon)

   rF+:       It protects you from fire.
   MP+9:      It affects your magic capacity (+9).
Missiles
 g - 37 stones (quivered)
Talismans
 b - a beast talisman
 c - a flux talisman
Scrolls
 d - a scroll of noise
 h - 3 scrolls of identify {unknown}
 i - 2 scrolls of enchant armour {unknown}
 l - a scroll of torment {unknown}
 p - a scroll of teleportation {unknown}
Potions
 a - a potion of lignification
 e - 2 potions of attraction {unknown}
 f - 4 potions of curing {unknown}
 j - a potion of cancellation {unknown}
 k - a potion of magic {unknown}
 m - 2 potions of mutation {unknown}
 n - a potion of heal wounds {unknown}


   Skills:
 + Level 2.6 Fighting
 - Level 2.0 Dodging
 + Level 4.0 Unarmed Combat
 * Level 4.5 Shapeshifting


You had 4 spell levels left.
You didn't know any spells.
Your spell library contained the following spells:

 Spells                   Type           Power      Damage    Failure   Level
 Call Canine Familiar     Summ           0%         N/A       69%         3
 Sigil of Binding         Hex            0%         N/A       69%         3
 Dimensional Bullseye     Hex/Tloc       0%         N/A       97%         4
 Olgreb's Toxic Radiance  Alch           0%         N/A       97%         4
 Ozocubu's Refrigeration  Ice            0%         4d7       100%        7
 Discord                  Hex            0%         N/A       100%        8


Dungeon Overview and Level Annotations

Branches:
Dungeon (3/15)

Altars:


Innate Abilities, Weirdness & Mutations

You are a hulking beast.
Your limbs bulge with bestial killing power. (Slay +2)
You cannot wear most types of armour.
You are amphibious.
You can wear up to eight rings at the same time.
Your skin changes colour to match your surroundings (Stealth+).
Your rubbery body absorbs attacks. (AC +1, EV +1)
((You are camouflaged when in or above water. (Stealth+)))
You have tentacles for arms and can constrict up to eight enemies at once.


Message History

You constrict the hobgoblin.
You kill the hobgoblin!
The rat bites you.
You hit the rat.
You kill the rat!
You hit the dart slug. You grab the dart slug.
The dart slug is heavily wounded.
You constrict the dart slug, but do no damage.
The dart slug launches a dart at you. The slug dart misses you.
The endoplasm barely misses you. The endoplasm misses you.
You puncture the endoplasm!
You kill the endoplasm!
You constrict the dart slug. The endoplasm freezes you.
You are frozen.
You hit the endoplasm.
You kill the endoplasm!
You constrict the dart slug. The dart slug launches a dart at you.
The slug dart misses you.
You hit the dart slug.
You kill the dart slug!
i - 2 scrolls labelled PORENEM SADENT (gained 1)
h - 3 scrolls labelled SUFUMISM QEWKA (gained 1)
Found a stone staircase leading down.
Found a whip.
A hobgoblin comes into view.
It is wielding the +10 flail "Lawuenn" {flame, ^Fragile rElec rPois}.
You barely miss the hobgoblin.
The hobgoblin shouts!
You grab the hobgoblin. You squeeze the hobgoblin.
The hobgoblin is lightly wounded.
You constrict the hobgoblin, but do no damage.
The hobgoblin hits you with the +10 flail "Lawuenn" {flame, ^Fragile rElec rPois}!
The hobgoblin burns you.
You hit the hobgoblin but do no damage.
The hobgoblin is lightly wounded.
You constrict the hobgoblin.
The hobgoblin hits you with the +10 flail "Lawuenn" {flame, ^Fragile rElec rPois}!
You die...

##.##.# #.#
#...#.# #.# #.#
#..<#.# #.# #.#
#...#.###.# #..
.......##.# #.#
.......##.# #.#
..........#
#.#######
#....######
#.g.....#
#....# #h#
#....#
##.####.#
###..# #.....)#
#..# #..####.#
#..#
######..#####.#
##..#
#.......>......
#...#
#.####.#####..#
#.#.# #.# ..#
##.#.## #.#
#..###


You could see a hobgoblin.

Vanquished Creatures
  A hound (D:3)
  A bombardier beetle (D:2)
  An iguana (D:3)
  4 adders
  3 dart slugs
  A ribbon worm (D:3)
  10 ball pythons
  7 endoplasms
  A giant cockroach (D:1)
  4 goblins
  4 hobgoblins
  2 quokkas
  4 bats
  A frilled lizard (D:2)
  3 kobolds (D:1)
  9 rats
56 creatures vanquished.

Notes
Turn   | Place    | Note
-------+----------+-------------------------------------------
     0 | D:1      | Ceno the Octopode Shapeshifter began the quest for the Orb.
     0 | D:1      | Reached XP level 1. HP: 13/13 MP: 1/1
   307 | D:1      | Reached XP level 2. HP: 18/18 MP: 2/2
  1000 | D:2      | Noticed a bombardier beetle
  1009 | D:2      | Killed a bombardier beetle
  1010 | D:2      | Reached XP level 3. HP: 15/24 MP: 3/3
  1232 | D:2      | Reached XP level 4. HP: 29/29 MP: 4/4
  1266 | D:2      | Identified the +0 cloak of Free Will {rPois}
  1652 | D:2      | Identified the +5 dagger "Duwaal" {elec, rF+ MP+9}
  1852 | D:3      | Reached XP level 5. HP: 35/35 MP: 5/5
  2283 | D:3      | Identified the +10 flail "Lawuenn" {flame, ^Fragile rElec
                  | rPois}
  2285 | D:3      | Slain by a hobgoblin

Illustrated notes

Levels and vault maps discovered:
D:1:      onia_arrival_pyramid, layout_basic, kennysheep_small_spiral
D:2:      layout_loops_ring, minmay_tetromino_l4
D:3:      layout_loops_ring, minmay_misc_feat_hallway, minmay_circle_x

Skill      XL: |  1  2  3  4  5 |
---------------+----------------+-----
Fighting       | 2 |  2.6
Shapeshifting  | 4 |  4.5
Unarmed Combat | 4 |  4.0
Dodging        | |  2.0

Action                     |  1- 3 |  4- 6 || total
---------------------------+-------+-------++-------
  Melee: Unarmed           |    44 |    25 ||    69
         Constrict         |    10 |    13 ||    23
         Tentacles         |     6 |     9 ||    15
         Punch             |     2 |     5 ||     7
         Dagger            |       |    27 ||    27
    Use: Scroll            |     1 |       ||     1
   Stab: Sleeping          |     4 |     4 ||     8
         Distracted        |       |     1 ||     1
 Armour: Skin              |    13 |    19 ||    32
  Dodge: Dodged            |    16 |    31 ||    47

Table legend: (Time is in decaauts)
 A = Elapsed time spent in this place.
 B = Non-inter-level travel time spent in this place.
 C = Inter-level travel time spent in this place.
 D = Time resting spent in this place.
 E = Time spent auto-exploring this place.
 F = Levels seen in this place.
 G = Mean time per level.
                   A        B        C        D        E       F      G
               +--------+--------+--------+--------+--------+-----+--------+
         Total |   2279 |   2194 |     85 |      0 |   1824 |   3 |  759.7 |
       Dungeon |   2279 |   2194 |     85 |      0 |   1824 |   3 |  759.7 |
               +--------+--------+--------+--------+--------+-----+--------+

Top non-repeatable levels by time:
     D:1: 996 daAuts
     D:2: 805 daAuts
     D:3: 477 daAuts
